 Dungeon Crawl Stone Soup version 0.25-a0-504-g768f60da87 (webtiles) character file.

Game seed: 7005780173215881548, levelgen mode: deterministic

10399 Kohma the Carver (level 11, -5/92 HPs)
             Began as a Black Draconian Ice Elementalist on Feb 14, 2020.
             Was an Elder of Kikubaaqudgha.
             Slain by Agnes
             ... wielding a +3 lajatang of distortion
              (19 damage)
             ... on level 14 of the Dungeon.
             The game lasted 00:36:01 (10940 turns).

Kohma the Carver (DrIE)                            Turns: 10940, Time: 00:36:01

Health: -5/92      AC: 13    Str: 11    XL:     11   Next: 35%
Magic:  2/18       EV: 20    Int: 19    God:    Kikubaaqudgha [****..]
Gold:   461        SH:  9    Dex: 16    Spells: 1/20 levels left

rFire    . . .     SeeInvis .   a - +0 long sword (flame)
rCold    . . .     Gourm    .   y - +2 buckler
rNeg     . . .     Faith    .   (armour unavailable)
rPois    +         Spirit   .   (helmet restricted)
rElec    +         Reflect  +   c - +2 cloak {MR+}
rCorr    .         Harm     .   C - +0 pair of gloves
MR       +....                  h - +1 pair of boots
Stlth    +++.......             m - +2 amulet of reflection
HPRegen  0.25/turn              f - ring of poison resistance
MPRegen  0.16/turn              s - ring of wizardry

@: agile, about to teleport, hasted, studying Necromancy, very quick
A: breathe lightning, unfitting armour, electricity resistance, cold-blooded, AC
+7
a: Breathe Lightning, Receive Corpses, Renounce Religion


You were on level 14 of the Dungeon.
You worshipped Kikubaaqudgha.
Kikubaaqudgha was greatly pleased with you.
You were not hungry.

You visited 2 branches of the dungeon, and saw 14 of its levels.

You collected 594 gold pieces.
You spent 133 gold pieces at shops.

Inventory:

Hand Weapons
 a - a +0 long sword of flaming (weapon)
 b - a +2 falchion of protection
 w - a +3 trident of flaming
 x - a +3 hunting sling
Missiles
 j - 17 poisoned darts (quivered)
Armour
 c - a +2 cloak of magic resistance (worn)
 h - a +1 pair of boots (worn)
 y - a +2 buckler (worn)
 C - a +0 pair of gloves (worn)
Jewellery
 f - a ring of poison resistance (left hand)
 m - a +2 amulet of reflection (around neck)
 s - a ring of wizardry (right hand)
 B - an uncursed ring of resist corrosion {unknown}
Wands
 A - a wand of polymorph (9)
 E - a wand of flame (25)
Scrolls
 d - 4 scrolls of identify
 e - 4 scrolls of teleportation
 q - 7 scrolls of remove curse
 t - a scroll of silence
 u - 2 scrolls of enchant armour
 v - 2 scrolls of amnesia
Potions
 i - 3 potions of resistance
 l - 2 potions of flight
 o - a potion of berserk rage
 z - a potion of invisibility
 D - a potion of brilliance {unknown}
Books
 g - a manual of Necromancy
Comestibles
 k - 12 rations


   Skills:
 - Level 7.5 Fighting
 * Level 10.1 Long Blades
 - Level 5.0 Dodging
 - Level 1.7 Stealth
 - Level 4.0 Shields
 - Level 5.1 Spellcasting
 - Level 4.0 Hexes
 - Level 3.0 Summonings
 + Level 6.4 Necromancy
 + Level 3.2 Translocations
 - Level 7.1 Ice Magic


You had one spell level left.
You knew the following spells:

 Your Spells              Type           Power        Failure   Level  Hunger
a - Vampiric Draining     Necr           ####......   1%          3    ##.....
b - Frozen Ramparts       Ice            ####..       1%          3    ##.....
c - Summon Ice Beast      Ice/Summ       ###.....     6%          4    ####...
d - Confusing Touch       Hex            ###.....     2%          3    ##.....
e - Blink                 Tloc           N/A          1%          2    #......
f - Dispel Undead         Necr           ####....     3%          4    ####...

Your spell library contained the following spells:

 Spells                   Type           Power        Failure   Level  Hunger
 Animate Skeleton         Necr           N/A          1%          1    None
 Freeze                   Ice            ####         1%          1    None
 Pain                     Necr           ####         1%          1    None
 Beastly Appendage        Tmut           #.....       4%          1    None
 Magic Dart               Conj           #...         4%          1    None
 Corpse Rot               Necr/Air       N/A          1%          2    #......
 Slow                     Hex            ###.....     1%          2    #......
 Sublimation of Blood     Necr           ####......   1%          2    #......
 Call Imp                 Summ           ###.....     2%          2    #......
 Ozocubu's Armour         Chrm/Ice       ###.....     3%          3    ##.....
 Animate Dead             Necr           N/A          3%          4    ####...
 Gell's Gravitas          Tloc           ###.......   4%          3    ##.....
 Sticks to Snakes         Tmut           #.......     8%          2    #......
 Agony                    Necr           ####....     10%         5    ######.
 Hailstorm                Conj/Ice       ###.....     12%         4    ####...
 Ice Form                 Ice/Tmut       ###.....     12%         4    ####...
 Metabolic Englaciation   Hex/Ice        ####......   14%         5    ######.
 Conjure Flame            Conj/Fire      #.......     16%         3    ##.....
 Mephitic Cloud           Conj/Pois/Air  #.......     16%         3    ##.....
 Spider Form              Tmut/Pois      #.........   16%         3    ##.....
 Excruciating Wounds      Chrm/Necr      ###.......   32%         5    ######.
 Petrify                  Tmut/Erth      #.......     43%         4    ####...
 Death Channel            Necr           ####......   45%         6    #######
 Yara's Violent Unravell  Hex/Tmut       ##........   50%         5    ######.
 Blade Hands              Tmut           #.........   77%         5    ######.


Dungeon Overview and Level Annotations

Branches:
Dungeon (12/15)            Temple (1/1) D:6             Orc (0/2) D:11
   Lair: D:8-11

Altars:
Ashenzari
Cheibriados
Dithmenos
Elyvilon
Fedhas
Gozag
Hepliaklqana
Kikubaaqudgha
Makhleb
Nemelex Xobeh
Okawaru
Qazlal
Ru
Sif Muna
Trog
Uskayaw
Vehumet
Wu Jian
Xom
Yredelemnul
Zin
The Shining One
Beogh

Shops:
D:10 *

Annotations:
D:8 Emblim88's ghost, novice TrMo
D:14 Agnes


Innate Abilities, Weirdness & Mutations

You can breathe wild blasts of lightning.
Your glossy black scales are hard. (AC +7)
You cannot fit into any form of body armour.
You are resistant to electric shocks. (rElec)
You are cold-blooded and may be slowed by cold attacks.


Message History

Your ice beast hits Agnes.
Your ice beast freezes Agnes!
The frozen ramparts melt away.
Agnes barely misses you.
Your ice beast misses Agnes.
The eye of draining gazes at you.
You feel your power leaking away.
Agnes is no longer encased in ice.
You block Agnes's attack.
Casting: Summon Ice Beast (safe; 6% risk of failure)
Confirm with . or Enter, or press ? or * to list all spells.
You don't have enough magic to cast that spell.
Agnes says, "It is my duty to kill you, but also my pleasure."
You block Agnes's attack.
You feel yourself speed up.
Your ice beast closely misses Agnes.
Agnes closely misses you. You block Agnes's attack.
Agnes hits you with a +3 lajatang of distortion!
* * * LOW HITPOINT WARNING * * *
You feel strangely unstable.
Agnes hits you with a +3 lajatang of distortion!!
You die...
Kikubaaqudgha rasps: "You have failed me!
Welcome... death!"

#......^....####
#..............
#..............
#...........###
#..........(#
#...........#
#...........#######
#....>.............
#.....i@...........
#...........#######
#.....Y.....#
#...........#
#......Y....#
#...........#
#...........#
##########..# #.^#


You could see Agnes and 2 friendly ice beasts.

Vanquished Creatures
  Erolcha (D:11)
  Joseph (D:7)
  The ghost of Jhinris the Gusty, a novice TeAE (D:7)
  Grinder (D:6)
  2 hippogriffs
  3 yaks (D:10)
  Sigmund (D:3)
  2 hungry ghosts
  Edmund (D:6)
  8 ogres
  3 sky beasts
  4 orc warriors
  4 ice beasts
  2 phantoms
  A necrophage (D:8)
  4 centaurs
  2 big kobolds
  9 bullfrogs
  Blork the orc (D:6)
  A gnoll sergeant (D:7)
  6 scorpions
  4 killer bees
  13 wights
  2 howler monkeys
  9 crimson imps
  4 centaur zombies
  5 hounds
  3 jellies
  3 centaur skeletons
  6 orc priests
  Crazy Yiuf (D:2)
  4 bullfrog skeletons
  Jessica (D:3)
  9 orc wizards
  3 iguanas
  Natasha (D:3)
  9 worker ants
  A hound zombie (D:6)
  A worker ant zombie (D:7)
  13 adders
  3 gnolls (D:10)
  A howler monkey skeleton (D:10)
  2 shadow imps
  2 oozes
  An adder zombie (D:9)
  2 worms
  5 dart slugs
  9 leopard geckos
  50 orcs
  4 bats
  3 giant cockroaches
  6 goblins
  5 hobgoblins
  8 jackals
  12 kobolds
  5 quokkas
  3 frilled lizards
  A leopard gecko zombie (D:6)
  15 rats
287 creatures vanquished.

Vanquished Creatures (collateral kills)
  A cyclops (D:11)
  An orc warrior (D:11)
  An orc wizard (D:11)
3 creatures vanquished.

Vanquished Creatures (others)
  2 centaurs (D:10)
2 creatures vanquished.

Grand Total: 292 creatures vanquished

Notes
Turn   | Place    | Note
-------+----------+-------------------------------------------
     0 | D:1      | Kohma the Draconian Ice Elementalist began the quest for
                  | the Orb.
     0 | D:1      | Reached XP level 1. HP: 14/14 MP: 3/3
   224 | D:1      | Reached XP level 2. HP: 15/22 MP: 5/5
   254 | D:1      | HP: 1/22 [kobold/+0 dagger (3)]
   615 | D:1      | Reached skill level 1 in Fighting
   844 | D:1      | Reached XP level 3. HP: 23/28 MP: 1/6
   849 | D:1      | Learned a level 3 spell: Frozen Ramparts
  1280 | D:2      | Found a runed translucent door.
  1281 | D:2      | Noticed Crazy Yiuf
  1295 | D:2      | Killed Crazy Yiuf
  1295 | D:2      | Reached XP level 4. HP: 5/35 MP: 1/8
  1763 | D:2      | Noticed a phantom
  1802 | D:2      | Killed a phantom
  1802 | D:2      | Reached skill level 5 in Ice Magic
  1802 | D:2      | Reached XP level 5. HP: 40/42 MP: 2/9
  2235 | D:3      | Noticed Jessica
  2243 | D:3      | Killed Jessica
  2533 | D:3      | Found a faded altar of an unknown god.
  2537 | D:3      | Noticed Natasha
  2544 | D:3      | Killed Natasha
  2551 | D:3      | Noticed Sigmund
  2561 | D:3      | Reached XP level 6. HP: 50/51 MP: 2/10
  2662 | D:3      | Learned a level 4 spell: Summon Ice Beast
  2774 | D:3      | Killed Sigmund
  2774 | D:3      | Reached skill level 1 in Summonings
  2994 | D:3      | Reached skill level 1 in Long Blades
  3120 | D:4      | Your scales start taking on a glossy black colour.
  3120 | D:4      | Reached XP level 7. HP: 58/58 MP: 8/11
  3120 | D:4      | Gained mutation: You are resistant to electric shocks.
                  | (rElec) [Black Draconian growth]
  3618 | D:4      | Reached skill level 2 in Long Blades
  4219 | D:5      | Entered Level 5 of the Dungeon
  4325 | D:5      | Found an opulent altar of Gozag.
  4327 | D:5      | Found a basalt altar of Yredelemnul.
  4410 | D:5      | Found an iron altar of Okawaru.
  4443 | D:5      | Reached skill level 3 in Long Blades
  4443 | D:5      | Reached XP level 8. HP: 65/67 MP: 6/12
  4485 | D:5      | Reached skill level 5 in Fighting
  4918 | D:5      | Reached skill level 4 in Long Blades
  5042 | D:5      | Learned a level 3 spell: Confusing Touch
  5282 | D:5      | Reached skill level 1 in Hexes
  5358 | D:6      | Noticed Blork the orc
  5375 | D:6      | Killed Blork the orc
  5422 | D:6      | Reached skill level 5 in Long Blades
  5570 | D:6      | Reached XP level 9. HP: 71/75 MP: 2/13
  5722 | D:6      | Noticed Grinder
  5727 | D:6      | Paralysed by Grinder for 7 turns
  5750 | D:6      | Killed Grinder
  5925 | D:6      | Noticed Edmund
  5946 | D:6      | Killed Edmund
  6047 | D:6      | Found a shimmering blue altar of Sif Muna.
  6196 | D:6      | Reached skill level 6 in Long Blades
  6206 | D:6      | Found a staircase to the Ecumenical Temple.
  6227 | Temple   | Entered the Ecumenical Temple
  6358 | Temple   | Became a worshipper of Kikubaaqudgha
  6765 | D:7      | Found a stormy altar of Qazlal.
  6854 | D:7      | Reached * piety under Kikubaaqudgha
  6854 | D:7      | Identified Kikubaaqudgha's Handbook of Evil Secrets
                  | (Kikubaaqudgha gifted it to you on level 7 of the Dungeon)
  6854 | D:7      | Received a gift from Kikubaaqudgha
  6860 | D:7      | Learned a level 3 spell: Vampiric Draining
  6882 | D:7      | Reached skill level 7 in Long Blades
  7092 | D:7      | Found a runed translucent gate.
  7092 | D:7      | Found a runed translucent gate.
  7092 | D:7      | Found a runed translucent gate.
  7097 | D:7      | Noticed Jhinris's ghost (novice TeAE)
  7119 | D:7      | Killed Jhinris's ghost
  7271 | D:7      | Noticed Joseph
  7293 | D:7      | Killed Joseph
  7303 | D:7      | Found a sacrificial altar of Ru.
  7675 | D:8      | Reached XP level 10. HP: 86/86 MP: 10/14
  7736 | D:8      | Reached skill level 1 in Necromancy
  7740 | D:8      | Reached skill level 8 in Long Blades
  7836 | D:8      | Reached skill level 5 in Dodging
  7850 | D:8      | Found a runed translucent door.
  7862 | D:8      | Found a shimmering altar of Xom.
  7862 | D:8      | Noticed Emblim88's ghost (novice TrMo)
  7863 | D:8      | Noticed a +1 falchion of chaos
  7913 | D:8      | Reached ** piety under Kikubaaqudgha
  8861 | D:9      | Reached skill level 1 in Shields
  9531 | D:10     | Entered Level 10 of the Dungeon
  9562 | D:10     | Learned a level 2 spell: Blink
  9585 | D:10     | Reached skill level 9 in Long Blades
  9603 | D:10     | Reached skill level 5 in Spellcasting
  9616 | D:10     | Found Oseotet's General Store.
  9626 | D:10     | Reached skill level 1 in Translocations
  9645 | D:10     | Bought a scroll of silence for 105 gold pieces
  9645 | D:10     | Bought a scroll of identify for 28 gold pieces
  9658 | D:10     | Reached *** piety under Kikubaaqudgha
  9658 | D:10     | Identified Kikubaaqudgha's Grimoire of Dark Rituals
                  | (Kikubaaqudgha gifted it to you on level 10 of the Dungeon)
  9658 | D:10     | Received a gift from Kikubaaqudgha
  9665 | D:10     | Learned a level 4 spell: Dispel Undead
  9818 | D:10     | Reached XP level 11. HP: 82/92 MP: 4/18
 10091 | D:10     | Reached skill level 5 in Necromancy
 10233 | D:10     | You fall into a shaft and drop 2 floors!
 10262 | D:11     | Found a hazy altar of Hepliaklqana.
 10283 | D:11     | Noticed Erolcha
 10294 | D:11     | Killed Erolcha
 10470 | D:11     | Reached skill level 10 in Long Blades
 10475 | D:11     | Found a staircase to the Orcish Mines.
 10496 | D:11     | Reached **** piety under Kikubaaqudgha
 10503 | D:11     | Found a roughly hewn altar of Beogh.
 10881 | D:11     | You fall into a shaft and drop 3 floors!
 10916 | D:14     | Noticed Agnes
 10940 | D:14     | Slain by Agnes

Levels and vault maps discovered:
D:1:      onia_arrival_larder, layout_basic, glass_columns_a
D:2:      layout_loops_ring, uniq_crazy_yiuf_cottage
D:3:      layout_basic, chequers_ecumenical_altar_island, uniq_natasha,
          uniq_sigmund, uniq_jessica
D:4:      layout_basic, first_ration, guppyfry_early_orc_mine
D:5:      layout_basic, nicolae_overflow_crystal_walls, basic_altar,
          nicolae_gozag_seed_capital
D:6:      layout_gridville, minmay_temple_entry_purple_smoke, basic_altar,
          minmay_manual_monstrance, uniq_edmund, uniq_grinder,
          uniq_blork_the_orc
D:7:      layout_loops_ring, ebering_ghost_rock_garden, basic_altar,
          minmay_ruined_shrine, uniq_joseph
D:8:      layout_rooms, ebering_ghost_xom, grunt_pizzeria, minmay_hedge_maze
D:9:      layout_basic
D:10:     layout_irregular_city, erik_lair_dragon, serial_shops,
          nicolae_shop_waterfront, bh_walls_and_bars
D:11:     layout_stronghold, minmay_orc_entry_temple_small, basic_altar,
          kennysheep_generic_room_12, uniq_erolcha
D:12:     minmay_the_grid_3x2 [minmay_the_grid_outer_circle,
          minmay_the_grid_dragon_b, minmay_the_grid_dragon_a,
          minmay_the_grid_minigrid_small, minmay_the_grid_pillar_ring,
          minmay_the_grid_prize_trominoes], layout_basic,
          minmay_misc_feat_secret_circle, uniq_nergalle
D:14:     layout_small_grid, fedhas_altar_2, uniq_agnes
Temple:   compressed_dpeg_circular_temple

Skill      XL: |  1  2  3  4  5  6  7  8  9 10 11 |
---------------+----------------------------------+-----
Fighting       | 1 2 3 4 5 7 |  7.5
Spellcasting   | 3 5 |  5.1
Ice Magic      | 5 6 7 |  7.1
Summonings     | 2 3 |  3.0
Long Blades    | 1 3 5 7 9 10 | 10.1
Dodging        | 3 4 5 |  5.0
Hexes          | 3 4 |  4.0
Necromancy     | 4 6 |  6.4
Shields        | 4 |  4.0
Translocations | 1 3 |  3.2
Stealth        | |  1.7

Action                   |  1- 3 |  4- 6 |  7- 9 | 10-12 || total
-------------------------+-------+-------+-------+-------++-------
Melee: Whip              |    20 |       |       |       ||    20
       Unarmed           |     4 |       |       |       ||     4
       Tailslap          |     3 |     4 |    28 |    44 ||    79
       Dagger            |    36 |    35 |       |       ||    71
       Falchion          |       |    26 |   247 |   305 ||   578
       Long sword        |       |       |       |    68 ||    68
 Cast: Freeze            |    27 |     9 |    10 |       ||    46
       Frozen Ramparts   |     5 |    21 |    60 |    63 ||   149
       Vampiric Draining |       |       |     2 |     1 ||     3
       Dispel Undead     |       |       |       |     2 ||     2
       Summon Ice Beast  |       |       |       |     7 ||     7
Evoke: Wand              |       |       |       |     2 ||     2
  Use: Potion            |       |     3 |       |     4 ||     7
       Scroll            |       |       |    13 |     6 ||    19
 Stab: Sleeping          |     1 |       |       |     1 ||     2
  Eat: Chunk             |     2 |     8 |    17 |    15 ||    42
       Ration            |       |       |     1 |     1 ||     2
Armor: Skin              |    24 |    36 |   111 |   137 ||   308
Dodge: Dodged            |    44 |    42 |   144 |   226 ||   456
Block: Other             |       |       |     7 |     5 ||    12
       Buckler           |       |       |       |   129 ||   129
       Reflection        |       |       |       |     9 ||     9
       Rpst.: Falchion   |       |     7 |    42 |    46 ||    95
       Long sword        |       |       |       |     9 ||     9

Table legend:
 A = Non-vault XP
 B = Vault XP
 C = Vault XP percentage of total XP
 D = Non-vault monster count
 E = Vault monster count
 F = Vault count percentage of total count
                 A         B        C        D         E       F
            +---------+---------+-------+---------+---------+-------
      Total |   11154 |    3703 |  24.9 |     247 |      45 |  15.4
            +---------+---------+-------+---------+---------+-------
        D:1 |      41 |       5 |  10.9 |      16 |       4 |  20.0
        D:2 |     188 |      39 |  17.2 |      22 |       1 |   4.3
        D:3 |     144 |     280 |  66.0 |      28 |       3 |   9.7
        D:4 |     311 |     216 |  41.0 |      19 |       7 |  26.9
        D:5 |     760 |       0 |   0.0 |      21 |       0 |   0.0
        D:6 |     951 |     775 |  44.9 |      17 |       7 |  29.2
        D:7 |     740 |    1067 |  59.0 |      24 |       6 |  20.0
        D:8 |    1166 |     130 |  10.0 |      13 |       1 |   7.1
        D:9 |    1893 |       0 |   0.0 |      28 |       0 |   0.0
       D:10 |    3760 |       0 |   0.0 |      44 |       0 |   0.0
       D:11 |    1154 |    1191 |  50.8 |      14 |      16 |  53.3
       D:14 |      46 |       0 |   0.0 |       1 |       0 |   0.0
            +---------+---------+-------+---------+---------+-------
